IL
IOWA CUBS @ EL PASO CHIHUAHUAS
05/28/2048
 
TOP OF THE 1ST
Iowa Cubs batting - Pitching for El Paso Chihuahuas : RHP Tom Ackerman
Pitching: RHP Tom Ackerman
Batting: SHB Seung-ho Zhang 0-0: Foul Ball, location: 2F
0-1: Ball
1-1: Fly out, F8 (Flyball, 8LXD, EV 101.9 MPH)
Batting: LHB Sumiki Okuhara 0-0: Ball
1-0: Ball
2-0: Called Strike
2-1: Ball
3-1: Called Strike
3-2: Foul Ball, location: 2F
3-2: Strikes out swinging
Batting: LHB Mark Ingram 0-0: Called Strike
0-1: Ball
1-1: Ball
2-1: Foul Ball, location: 2F
2-2: Strikes out swinging
Top of the 1st over - 0 runs, 0 hits, 0 errors, 0 left on base; Iowa 0 - El Paso 0
BOTTOM OF THE 1ST
El Paso Chihuahuas batting - Pitching for Iowa Cubs : RHP Willie Ramos
Pitching: RHP Willie Ramos
Batting: LHB Angel Mejia 0-0: Ball
1-0: Ball
2-0: Ball
3-0: Called Strike
3-1: Base on Balls
Batting: RHB Chase Briney 0-0: Foul Ball, location: 2F
0-1: Ball
1-1: Ball
2-1: Swinging Strike
2-2: Fly out, F8 (Flyball, 89M, EV 92.5 MPH)
Batting: RHB Andy Sheridan 0-0: Fly out, F8 (Flyball, 8LM, EV 78.8 MPH)
Batting: RHB Roberto Lemus 0-0: Ball
1-0: Ball
2-0: Called Strike
2-1: SINGLE (Flyball, 56D, EV 96.2 MPH)
Angel Mejia to second
Runner from 2nd tries for 3rd, SAFE, throw by LF made to third
Batting: RHB Eric Sandell 0-0: Fly out, F8 (Line Drive, 8RM, EV 93.8 MPH)
Bottom of the 1st over - 0 runs, 1 hit, 0 errors, 2 left on base; Iowa 0 - El Paso 0
TOP OF THE 2ND
Iowa Cubs batting - Pitching for El Paso Chihuahuas : RHP Tom Ackerman
Batting: RHB Ricardo Aguinaga 0-0: Ball
1-0: Ball
2-0: Ball
3-0: Base on Balls
Batting: SHB Gabriel Cruz 0-0: Ball
1-0: Ball
Ricardo Aguinaga is caught stealing 2nd base 2-6
2-0: Ball
3-0: Base on Balls
Batting: RHB Adam O'Hare 0-0: Called Strike
Gabriel Cruz steals 2nd base
0-1: Foul Ball, location: 2F
0-2: Ground out 4-3 (Groundball, 34, EV 80.0 MPH)
Gabriel Cruz to third
Batting: RHB Brian Gargis 0-0: Called Strike
0-1: Ball
1-1: Fly out, F7 (Flyball, 7S, EV 93.8 MPH)
Top of the 2nd over - 0 runs, 0 hits, 0 errors, 1 left on base; Iowa 0 - El Paso 0
BOTTOM OF THE 2ND
El Paso Chihuahuas batting - Pitching for Iowa Cubs : RHP Willie Ramos
Batting: LHB Anthony Mosley 0-0: Called Strike
0-1: Hit by Pitch
Batting: RHB Kiril Emeshin 0-0: Called Strike
0-1: Foul Ball, location: 2F
0-2: SINGLE (Groundball, 56D, EV 97.5 MPH)
Anthony Mosley to second
Batting: SHB Blake Abbott 0-0: Called Strike
0-1: Foul Ball, location: 2F
0-2: Strikes out swinging
Batting: RHB Brian DeVoe 0-0: Grounds into double play, 6-4-3 (Groundball, 6, EV 105.0 MPH)
Bottom of the 2nd over - 0 runs, 1 hit, 0 errors, 1 left on base; Iowa 0 - El Paso 0
TOP OF THE 3RD
Iowa Cubs batting - Pitching for El Paso Chihuahuas : RHP Tom Ackerman
Batting: RHB Tony Mendez 0-0: Ball
1-0: Called Strike
1-1: Called Strike
1-2: Strikes out swinging
Batting: RHB Rich Thurman 0-0: Ball
1-0: Called Strike
1-1: Swinging Strike
1-2: Ball
2-2: Ground out 6-3 (Groundball, P, EV 86.2 MPH)
Batting: SHB Seung-ho Zhang 0-0: Swinging Strike
0-1: Ground out 4-3 (Groundball, 4, EV 84.4 MPH)
Top of the 3rd over - 0 runs, 0 hits, 0 errors, 0 left on base; Iowa 0 - El Paso 0
BOTTOM OF THE 3RD
El Paso Chihuahuas batting - Pitching for Iowa Cubs : RHP Willie Ramos
Batting: LHB Angel Mejia 0-0: Called Strike
0-1: Called Strike
0-2: Ball
1-2: Ball
2-2: Ball
3-2: Base on Balls
Batting: RHB Chase Briney 0-0: Ball
1-0: Foul Ball, location: 2F
1-1: SINGLE (Groundball, 34, EV 106.2 MPH)
Angel Mejia to second
Runner from 2nd tries for 3rd, OUT! 9-5
Batting: RHB Andy Sheridan 0-0: Foul Ball, location: 2F
0-1: Ball
1-1: Ball
2-1: Swinging Strike
2-2: SINGLE (Groundball, 56, EV 101.2 MPH)
Chase Briney to second
Batting: RHB Roberto Lemus 0-0: Foul Ball, location: 2F
0-1: SINGLE (Line Drive, 34D, EV 97.5 MPH)
Chase Briney to third
Andy Sheridan to second
Batting: RHB Eric Sandell 0-0: Ball
1-0: Foul Ball, location: 2F
1-1: Swinging Strike
1-2: Ball
2-2: Fly out, F3 (Popup, 3SF, EV 76.9 MPH)
Batting: LHB Anthony Mosley 0-0: Called Strike
0-1: Foul Ball, location: 2F
0-2: Fly out, F9 (Line Drive, 9D, EV 85.6 MPH)
Bottom of the 3rd over - 0 runs, 3 hits, 0 errors, 3 left on base; Iowa 0 - El Paso 0
TOP OF THE 4TH
Iowa Cubs batting - Pitching for El Paso Chihuahuas : RHP Tom Ackerman
Batting: LHB Sumiki Okuhara 0-0: Called Strike
0-1: Ball
1-1: Ball
2-1: Foul Ball, location: 2F
2-2: Strikes out looking
Batting: LHB Mark Ingram 0-0: Ball
1-0: Ball
2-0: Foul Ball, location: 2F
2-1: DOUBLE (Flyball, 89XD, EV 96.2 MPH)
Batting: RHB Ricardo Aguinaga 0-0: Ball
1-0: Ball
2-0: Foul Ball, location: 2F
2-1: Ball
3-1: Called Strike
3-2: DOUBLE (Line Drive, 89XD, EV 100.6 MPH)
Mark Ingram scores
Batting: SHB Gabriel Cruz 0-0: Ball
1-0: Fly out, F1 (Popup, 15, EV 81.2 MPH)
Batting: RHB Adam O'Hare 0-0: Called Strike
0-1: Foul Ball, location: 2F
0-2: Strikes out swinging
Top of the 4th over - 1 run, 2 hits, 0 errors, 1 left on base; Iowa 1 - El Paso 0
BOTTOM OF THE 4TH
El Paso Chihuahuas batting - Pitching for Iowa Cubs : RHP Willie Ramos
Batting: RHB Kiril Emeshin 0-0: Fly out, F4 (Popup, 4, EV 57.5 MPH)
Batting: SHB Blake Abbott 0-0: Called Strike
0-1: Ball
1-1: SINGLE (Flyball, 34D, EV 93.8 MPH)
Batting: RHB Brian DeVoe 0-0: Fielders Choice at 2nd, 6-4 (Groundball, 56, EV 90.0 MPH)
Batting: LHB Angel Mejia 0-0: Called Strike
0-1: Ball
1-1: Ball
2-1: Called Strike
2-2: Ball
3-2: Base on Balls
Brian DeVoe to second
Batting: RHB Chase Briney 0-0: Fielders Choice at 2nd, 6-4 (Groundball, 6, EV 86.2 MPH)
Bottom of the 4th over - 0 runs, 1 hit, 0 errors, 2 left on base; Iowa 1 - El Paso 0
TOP OF THE 5TH
Iowa Cubs batting - Pitching for El Paso Chihuahuas : RHP Tom Ackerman
Batting: RHB Brian Gargis 0-0: SINGLE (Line Drive, 6MD, EV 97.5 MPH)
Batting: RHB Tony Mendez 0-0: Ball
1-0: Ball
2-0: SINGLE (Groundball, 56S, EV 66.9 MPH) (infield hit)
Brian Gargis to second
Batting: RHB Rich Thurman 0-0: Called Strike
0-1: Ball
1-1: Ball
2-1: Ball
3-1: Called Strike
3-2: Base on Balls
Brian Gargis to third
Tony Mendez to second
Batting: SHB Seung-ho Zhang 0-0: Foul Ball, location: 2F
0-1: Foul Ball, location: 2F
0-2: Strikes out swinging
Batting: LHB Sumiki Okuhara 0-0: Foul Ball, location: 2F
0-1: Foul Ball, location: 2F
0-2: Strikes out swinging
Batting: LHB Mark Ingram 0-0: Fielders Choice at 2nd, 5-4 (Groundball, 6, EV 108.1 MPH)
Top of the 5th over - 0 runs, 2 hits, 0 errors, 3 left on base; Iowa 1 - El Paso 0
BOTTOM OF THE 5TH
El Paso Chihuahuas batting - Pitching for Iowa Cubs : RHP Willie Ramos
Batting: RHB Andy Sheridan 0-0: Ball
1-0: Ball
2-0: Foul Ball, location: 2F
2-1: Ball
3-1: Foul Ball, location: 2F
3-2: Base on Balls
Batting: RHB Roberto Lemus 0-0: SINGLE (Line Drive, 78S, EV 90.0 MPH)
Andy Sheridan to second
Batting: RHB Eric Sandell 0-0: Called Strike
0-1: Grounds into double play, 6-4-3 (Groundball, 6, EV 90.6 MPH)
Andy Sheridan to third
Batting: LHB Anthony Mosley 0-0: Called Strike
0-1: Ball
1-1: Foul Ball, location: 2F
1-2: Ball
2-2: Strikes out swinging
Bottom of the 5th over - 0 runs, 1 hit, 0 errors, 1 left on base; Iowa 1 - El Paso 0
TOP OF THE 6TH
Iowa Cubs batting - Pitching for El Paso Chihuahuas : RHP Tom Ackerman
Batting: RHB Ricardo Aguinaga 0-0: Foul Ball, location: 2F
0-1: Swinging Strike
0-2: Fly out, F7 (Flyball, 78M, EV 78.1 MPH)
Pitching: RHP Adrian de la Cerda
Batting: SHB Gabriel Cruz 0-0: Swinging Strike
0-1: Foul Ball, location: 2F
0-2: Strikes out looking
Batting: RHB Adam O'Hare 0-0: Ball
1-0: Foul Ball, location: 2F
1-1: Ball
2-1: Swinging Strike
2-2: Ball
3-2: Ground out 4-3 (Groundball, 4, EV 88.1 MPH)
Top of the 6th over - 0 runs, 0 hits, 0 errors, 0 left on base; Iowa 1 - El Paso 0
BOTTOM OF THE 6TH
El Paso Chihuahuas batting - Pitching for Iowa Cubs : RHP Willie Ramos
Batting: RHB Kiril Emeshin 0-0: Ball
1-0: Called Strike
1-1: Called Strike
1-2: Ball
2-2: Ground out 5-3 (Groundball, 56S, EV 82.5 MPH)
Batting: SHB Blake Abbott 0-0: Ground out 6-3 (Groundball, 6, EV 82.5 MPH)
Batting: RHB Brian DeVoe 0-0: Foul Ball, location: 2F
0-1: Foul Ball, location: 2F
0-2: Ball
1-2: SINGLE (Groundball, 6MD, EV 101.9 MPH)
Batting: LHB Angel Mejia 0-0: Ball
1-0: Ball
2-0: Ball
3-0: Called Strike
3-1: Foul Ball, location: 2F
3-2: Base on Balls
Brian DeVoe to second
Pinch Runner at 2nd Lamberto Amicis:
Batting: RHB Chase Briney 0-0: Ball
1-0: Ground out 4-3 (Groundball, 4, EV 81.2 MPH)
Bottom of the 6th over - 0 runs, 1 hit, 0 errors, 2 left on base; Iowa 1 - El Paso 0
TOP OF THE 7TH
Iowa Cubs batting - Pitching for El Paso Chihuahuas : RHP Adrian de la Cerda
Now at SS: Lamberto Amicis
Batting: RHB Brian Gargis 0-0: Foul Ball, location: 2F
0-1: Ground out 5-3 (Groundball, 56, EV 108.1 MPH)
Batting: RHB Tony Mendez 0-0: Called Strike
0-1: Swinging Strike
0-2: Foul Ball, location: 3F, Error on foul ball, E3
0-2: Foul Ball, location: 2F
0-2: Foul Ball, location: 2F
0-2: Ball
1-2: Ball
2-2: Ball
3-2: SINGLE (Line Drive, 9S, EV 101.2 MPH)
Batting: RHB Rich Thurman 0-0: Ball
1-0: Ball
2-0: SINGLE (Groundball, 6MD, EV 97.5 MPH)
Tony Mendez to second
Batting: SHB Seung-ho Zhang 0-0: Ground out 5-3 (Groundball, 5, EV 84.4 MPH)
Tony Mendez to third
Rich Thurman to second
Batting: LHB Sumiki Okuhara 0-0: Ground out 3-1 (Groundball, 34, EV 106.9 MPH)
Top of the 7th over - 0 runs, 2 hits, 1 error, 2 left on base; Iowa 1 - El Paso 0
BOTTOM OF THE 7TH
El Paso Chihuahuas batting - Pitching for Iowa Cubs : RHP Willie Ramos
Pitching: RHP Harry Poindexter
Batting: RHB Andy Sheridan 0-0: Ball
1-0: Ball
2-0: Ball
3-0: Called Strike
3-1: Foul Ball, location: 2F
3-2: SINGLE (Groundball, 34D, EV 100.6 MPH)
Batting: RHB Roberto Lemus 0-0: Fly out, F9 (Flyball, 9D, EV 86.9 MPH)
Batting: RHB Eric Sandell 0-0: Ball
1-0: Foul Ball, location: 2F
1-1: Ball
2-1: Foul Ball, location: 2F
2-2: Foul Ball, location: 2F
2-2: Ground out 4-3 (Groundball, 34, EV 102.5 MPH)
Andy Sheridan to second
Batting: LHB Anthony Mosley 0-0: Ball
1-0: Ball
2-0: Ball
3-0: Swinging Strike
3-1: Swinging Strike
3-2: Strikes out swinging
Bottom of the 7th over - 0 runs, 1 hit, 0 errors, 1 left on base; Iowa 1 - El Paso 0
TOP OF THE 8TH
Iowa Cubs batting - Pitching for El Paso Chihuahuas : RHP Adrian de la Cerda
Pitching: LHP Darby Jones
Batting: LHB Mark Ingram 0-0: Called Strike
0-1: Called Strike
0-2: Ball
1-2: Strikes out looking
Pitching: RHP Rich Reinbolt
Batting: RHB Ricardo Aguinaga 0-0: Called Strike
0-1: SOLO HOME RUN (Line Drive, 8RXD, EV 114.4 MPH), Distance : 469 ft
Batting: SHB Gabriel Cruz 0-0: Foul Ball, location: 2F
0-1: Foul Ball, location: 2F
0-2: Ground out 6-3 (Groundball, 6, EV 85.6 MPH)
Batting: RHB Adam O'Hare 0-0: Foul Ball, location: 2F
0-1: Ground out 5-3 (Groundball, 5L, EV 86.2 MPH)
Top of the 8th over - 1 run, 1 hit, 0 errors, 0 left on base; Iowa 2 - El Paso 0
BOTTOM OF THE 8TH
El Paso Chihuahuas batting - Pitching for Iowa Cubs : RHP Harry Poindexter
Pitching: LHP Jose Urena
Batting: RHB Kiril Emeshin 0-0: Called Strike
0-1: Ball
1-1: Ball
2-1: Ball
3-1: Called Strike
3-2: Strikes out swinging
Batting: SHB Blake Abbott 0-0: Ball
1-0: SINGLE (Flyball, 8LS, EV 88.1 MPH)
Batting: RHB Lamberto Amicis 0-0: Ball
1-0: Called Strike
1-1: SINGLE (Groundball, 6MD, EV 100.6 MPH)
Blake Abbott to second
Runner from 2nd tries for 3rd, OUT after rundown.
Pinch Hitting: RHB Matt Fabre 0-0: Ground out U3 (Groundball, 3L, EV 100.6 MPH)
Bottom of the 8th over - 0 runs, 2 hits, 0 errors, 1 left on base; Iowa 2 - El Paso 0
TOP OF THE 9TH
Iowa Cubs batting - Pitching for El Paso Chihuahuas : RHP Rich Reinbolt
Now at 2B: Matt Fabre
Batting: RHB Brian Gargis 0-0: Ball
1-0: Ball
2-0: Ball
3-0: Called Strike
3-1: Called Strike
3-2: Foul Ball, location: 2F
3-2: Reached on error, E1 (Groundball, P, EV 62.5 MPH)
Batting: RHB Tony Mendez 0-0: Ball
1-0: Swinging Strike
1-1: Swinging Strike
1-2: Strikes out swinging
Batting: RHB Rich Thurman 0-0: Foul Ball, location: 2F
0-1: Ball
1-1: Ball
2-1: Ball
3-1: Foul Ball, location: 2F
3-2: Strikes out swinging
Batting: SHB Seung-ho Zhang 0-0: Foul Ball, location: 2F
0-1: Ball
1-1: Foul Ball, location: 2F
1-2: Foul Ball, location: 2F
1-2: Ball
2-2: Strikes out swinging
Top of the 9th over - 0 runs, 0 hits, 1 error, 1 left on base; Iowa 2 - El Paso 0
BOTTOM OF THE 9TH
El Paso Chihuahuas batting - Pitching for Iowa Cubs : LHP Jose Urena
Pitching: RHP Josh Ready
Batting: RHB Chase Briney 0-0: Called Strike
0-1: Ball
1-1: Ball
2-1: Foul Ball, location: 2F
2-2: Strikes out swinging
Batting: RHB Andy Sheridan 0-0: Foul Ball, location: 2F
0-1: Fly out, F7 (Flyball, 7D, EV 83.1 MPH)
Batting: RHB Roberto Lemus 0-0: Called Strike
0-1: Ball
1-1: Foul Ball, location: 2F
1-2: Ball
2-2: Foul Ball, location: 2F
2-2: DOUBLE (Line Drive, 78D, EV 100.0 MPH)
Batting: RHB Eric Sandell 0-0: Swinging Strike
0-1: Foul Ball, location: 2F
0-2: Ball
1-2: Ball
2-2: Foul Ball, location: 2F
2-2: Foul Ball, location: 2F
2-2: SINGLE (Groundball, 34D, EV 106.9 MPH)
Roberto Lemus to third
Batting: LHB Anthony Mosley 0-0: Ball
1-0: Swinging Strike
1-1: Ball
2-1: Ball
3-1: Swinging Strike
3-2: Strikes out looking
Bottom of the 9th over - 0 runs, 2 hits, 0 errors, 2 left on base; Iowa 2 - El Paso 0
Tuesday, March 28th , 2023 - OOTP Baseball 23.10 Build 110